 Dungeon Crawl Stone Soup version 0.22-a0-135-g6f012ad (webtiles) character file.

615 mortelune the Chiller (level 7, 0/52 HPs)
             Began as a Demonspawn Ice Elementalist on Feb 2, 2018.
             Killed from afar by Dowan (20 damage)
             ... with a shard of ice
             ... on level 4 of the Dungeon.
             The game lasted 00:14:15 (6673 turns).

mortelune the Chiller (Demonspawn Ice Elementalist) Turns: 6673, Time: 00:14:16

Health: 0/52       AC: 11    Str:  9    XL:     7   Next: 21%
Magic:  2/12       EV: 12    Int: 18    God:
Gold:   170        SH:  0    Dex: 13    Spells: 7/13 levels left

rFire    . . .     SeeInvis .   i - +3 whip
rCold    . . .     Gourm    .   (no shield)
rNeg     . . .     Faith    .   a - +0 robe
rPois    .         Spirit   .   f - +0 helmet
rElec    .         Reflect  .   (no cloak)
rCorr    .         Harm     .   (no gloves)
MR       .....                  o - +0 pair of boots
Stlth    ++........             h - amulet of rage
HPRegen  0.17/turn              (no ring)
MPRegen  0.13/turn              (no ring)

@: lethally poisoned (0 -> -8), icy armour, about to teleport, slow
A: talons 1, molten scales 1, powered by death 1
a: Evoke Berserk Rage


You were on level 4 of the Dungeon.
You were not hungry.

You visited 2 branches of the dungeon, and saw 5 of its levels.

You collected 170 gold pieces.

Inventory:

Hand Weapons
 e - a +0 club
 i - a +3 whip (weapon)
Armour
 a - a +0 robe (worn)
 f - a +0 helmet (worn)
 o - a +0 pair of boots (worn)
Jewellery
 h - an amulet of rage (around neck)
 u - an uncursed ring of see invisible {unknown}
Wands
 t - a wand of flame (22)
Scrolls
 j - a scroll of enchant weapon
 l - a scroll of remove curse
 n - a scroll of amnesia
 p - a scroll of noise
 s - a scroll of enchant armour
Potions
 g - 2 potions of haste
 k - a potion of curing
 q - a potion of mutation
 v - 2 potions of brilliance
Books
 b - a book of Frost

   Spells                             Type                      Level
   a - Freeze                         Ice                          1
   b - Throw Frost                    Conjuration/Ice              2
   c - Ozocubu's Armour               Charms/Ice                   3
   d - Throw Icicle                   Conjuration/Ice              4
   e - Summon Ice Beast               Ice/Summoning                4
 d - a book of Necromancy

   Spells                             Type                      Level
   a - Pain                           Necromancy                   1
   b - Animate Skeleton               Necromancy                   1
   c - Vampiric Draining              Necromancy                   3
   d - Regeneration                   Charms/Necromancy            3
   e - Animate Dead                   Necromancy                   4
Comestibles
 c - 7 rations
 r - 7 chunks of flesh


   Skills:
 + Level 3.1 Fighting
 - Level 1.7 Dodging
 - Level 3.0 Stealth
 + Level 3.6 Spellcasting
 + Level 2.7 Conjurations
 * Level 5.1 Ice Magic


You had 7 spell levels left.
You knew the following spells:

 Your Spells              Type           Power        Failure   Level  Hunger
a - Freeze                Ice            ###.         1%          1    None
b - Throw Frost           Conj/Ice       ###...       4%          2    ##.....
c - Ozocubu's Armour      Chrm/Ice       ##......     16%         3    ###....


Dungeon Overview and Level Annotations

Branches:
Dungeon (4/15)             Temple (1/1) D:4

Altars:
Dithmenos
Fedhas
Makhleb
Okawaru
Ru
Sif Muna
Vehumet
Wu Jian
Xom
Yredelemnul
The Shining One
Lugonu

Annotations:
D:4 Dowan


Innate Abilities, Weirdness & Mutations

You have sharp toenails.
You are partially covered in molten scales. (AC +2)
You regenerate a little health from kills.


Message History

Press: ? - help, Shift-Dir - straight line, f/p - Duvessa
Aim: Duvessa, wielding a rapier of venom and wearing a ring mail (severely wounded)
You freeze Duvessa.
You kill Duvessa!
Dowan's eyes darken. "You have made a black mistake."
Dowan seems to find hidden reserves of power!
Your Ice Magic skill increases to level 5!
You have reached level 7!
The adder hisses angrily.
You feel sick. Dowan gestures at you while chanting. The shard of ice hits you!
Dowan misses you.
As you read the scroll of teleportation, it crumbles to dust.
You feel strangely unstable.
You feel sick. Dowan hits you with a dagger.
You feel sick. Dowan casts a spell at you. The stone arrow misses you.
Dowan casts a spell at you. The shard of ice hits you!
You die...

##...## ##+## ..# #
).# #. ... ##.# #.#
#####...# #S# .[.#
....#### #a# .#.#
#...#####e# #..#
#.......@.#
.#.######...#######
.....(.....##
############


You could see Dowan, a worker ant and an adder.

Vanquished Creatures
  The ghost of mortelune the Chiller, an amateur DsIE (D:4)
  Duvessa (D:4)
  A scorpion (D:4)
  A hound (D:4)
  2 orc wizards
  An iguana (D:4)
  3 worker ants
  A hound skeleton (D:4)
  3 adders
  A shadow imp (D:4)
  An ooze (D:1)
  An adder skeleton (D:4)
  3 worms
  A dart slug (D:3)
  2 leopard geckos
  11 orcs
  4 giant cockroaches
  8 goblins
  7 hobgoblins
  8 jackals (D:3)
  11 kobolds
  3 quokkas
  A ball python (D:2)
  14 bats
  2 frilled lizards
  A quokka skeleton (D:4)
  8 rats
101 creatures vanquished.

Vanquished Creatures (others)
  An orc priest (D:4)
  A worker ant (D:4)
  A jackal (D:4)
3 creatures vanquished.

Grand Total: 104 creatures vanquished

Notes
Turn   | Place    | Note
-------+----------+-------------------------------------------
     0 | D:1      | mortelune the Demonspawn Ice Elementalist began the quest for the Orb.
     0 | D:1      | Reached XP level 1. HP: 13/13 MP: 3/3
   719 | D:1      | Gained mutation: You regenerate a little health from kills. [demonic ancestry]
   719 | D:1      | Reached XP level 2. HP: 20/20 MP: 5/5
   771 | D:1      | Reached skill level 3 in Ice Magic
   875 | D:1      | Learned a level 2 spell: Throw Frost
  1151 | D:1      | Reached XP level 3. HP: 20/25 MP: 0/6
  1185 | D:1      | Reached skill level 1 in Fighting
  2290 | D:2      | Gained mutation: You are partially covered in molten scales. (AC +2) [demonic ancestry]
  2290 | D:2      | Reached XP level 4. HP: 26/32 MP: 0/7
  2382 | D:2      | Found a shadowy altar of Dithmenos.
  2773 | D:2      | Found a sacrificial altar of Ru.
  3166 | D:2      | Learned a level 3 spell: Ozocubu's Armour
  3576 | D:3      | Gained mutation: You have sharp toenails. [demonic ancestry]
  3576 | D:3      | Reached XP level 5. HP: 31/38 MP: 3/9
  3681 | D:3      | Reached skill level 4 in Ice Magic
  4304 | D:3      | Found a deep blue altar of Sif Muna.
  4829 | D:4      | Found a staircase to the Ecumenical Temple.
  4841 | Temple   | Entered the Ecumenical Temple
  4957 | D:4      | Found a shimmering altar of Xom.
  5011 | D:4      | Reached XP level 6. HP: 44/44 MP: 1/10
  5116 | D:4      | Noticed mortelune's ghost (amateur DsIE)
  5309 | D:4      | Killed mortelune's ghost
  6594 | D:4      | Noticed an ice beast
  6663 | D:4      | Noticed Duvessa
  6663 | D:4      | Noticed Dowan
  6671 | D:4      | Killed Duvessa
  6671 | D:4      | Reached skill level 5 in Ice Magic
  6671 | D:4      | Reached XP level 7. HP: 42/52 MP: 1/12
  6673 | D:4      | Killed from afar by Dowan

Vault maps used:
D:1:      eino_arrival_cavern_a, minmay_box_of_dots
D:2:      nicolae_ru_the_path_less_chosen, nicolae_overflow_hidden_temple,
          first_ration
D:3:      nicolae_overflow_crystal_walls, minmay_three_crescents
D:4:      xom_confusion_cloud, temple_statues, uniq_duvessa
Temple:   corrupted_temple

Skill      XL: |  1  2  3  4  5  6 |
---------------+-------------------+-----
Stealth        | 2 3 |  3.0
Ice Magic      | 3 4 5 |  5.1
Fighting       | 1 2 3 |  3.1
Spellcasting   | 3 |  3.6
Conjurations   | 2 |  2.7
Dodging        | |  1.7

Action                   |  1- 3 |  4- 6 |  7- 9 || total
-------------------------+-------+-------+-------++-------
Melee: Club              |     5 |       |       ||     5
       Unarmed           |     1 |       |       ||     1
       Whip              |    27 |    40 |       ||    67
 Cast: Freeze            |    49 |   106 |     1 ||   156
       Throw Frost       |     5 |    31 |       ||    36
       Ozocubu's Armour  |       |     5 |       ||     5
  Use: Scroll            |     4 |     8 |     1 ||    13
  Eat: Chunk             |     4 |    11 |       ||    15
       Ration            |       |     2 |       ||     2
Armor: Robe              |    14 |    28 |       ||    42
Dodge: Dodged            |    61 |    67 |     2 ||   130

Table legend:
 A = Spawn XP
 B = Non-spawn XP
 C = Spawn XP percentage of total XP
 D = Spawn monster count
 E = Non-spawn monster count
 F = Spawn count percentage of total count
 G = Total turns spent on level
                    A         B        C        D         E        F      G
               +---------+---------+-------+---------+---------+-------+---------
         Total |       0 |     879 |   0.0 |       0 |     100 |   0.0 |  6673
               +---------+---------+-------+---------+---------+-------+---------
           D:1 |       0 |      49 |   0.0 |       0 |      29 |   0.0 |  1621
           D:2 |       0 |     103 |   0.0 |       0 |      18 |   0.0 |  1679
           D:3 |       0 |     140 |   0.0 |       0 |      35 |   0.0 |  1523
           D:4 |       0 |     587 |   0.0 |       0 |      18 |   0.0 |  1669
               +---------+---------+-------+---------+---------+-------+---------
